AoeStats
← VLC | _Sr Mike_

Arena

509503610Analyzed
3v3 RM · 7d ago on Sep 27, 2026· 56m 32s· 6 players
Game mode
Random Map
Map size
Normal (6 player)
Population
200
Speed
Normal
Resources
Standard
Victory
Conquest
Starting age
Dark Age
Ending age
Imperial Age
RankedLock teamsTeams togetherTeam positionsShared explorationLock speedFull tech treeHidden civsTurbo modeCheats
Victory
Defeat
🇨🇴 Georgians · Colombia
1572
+11
🇨🇴 Danes · Colombia
1557
+12
🇨🇴 Burgundians · Colombia
1494
+14
🇦🇷 Aztecs · Argentina
1483
-13
🇵🇱 Poles · Poland
1454
-12
🇮🇳 Mongols · India
1443
-12
AfricanNija
11:27 Feudal Age
12:48 Double-Bit Axe
12:58 Horse Collar
15:25 Castle Age
14:15 Stone Mining
16:36 Bow Saw
17:50 Heavy Plow
19:35 Scale Mail Armor
20:16 Wheelbarrow
20:51 Gold Mining
21:46 Forging
23:28 Chain Mail Armor
24:23 Iron Casting
24:21 Squires
25:02 Loom
36:38 Imperial Age
34:23 Hand Cart
33:54 Town Watch
34:33 Pikeman
36:15 Fortified Wall
36:36 Fletching
36:43 Murder Holes
37:36 Bloodlines
37:26 Husbandry
36:47 Light Cavalry
37:24 Bodkin Arrow
39:02 Plate Mail Armor
40:14 Chemistry
40:22 Blast Furnace
41:02 Bracer
41:24 Ballistics
44:13 Blast Furnace
48:59 Masonry
50:07 Conscription
49:38 Winged Hussar
51:03 Crop Rotation
GABO
10:03 Feudal Age
10:24 Loom
11:48 Fletching
19:54 Castle Age
18:08 Double-Bit Axe
18:53 Gold Mining
20:40 Town Watch
21:59 Sanctity
22:50 Fervor
24:25 Redemption
26:18 Atonement
29:16 Bow Saw
28:48 Horse Collar
32:35 Bodkin Arrow
35:41 Wheelbarrow
39:18 Scale Mail Armor
43:50 Heavy Plow
44:22 Hand Cart
44:14 Town Patrol
47:37 Gold Shaft Mining
51:20 Imperial Age
Broken Angel
10:13 Feudal Age
14:30 Castle Age
12:20 Double-Bit Axe
12:22 Horse Collar
15:28 Bow Saw
15:57 Heavy Plow
20:35 Wheelbarrow
21:40 Stone Mining
22:35 Gold Mining
23:18 Hand Cart
23:34 Loom
25:53 Gold Shaft Mining
28:06 Imperial Age
26:22 Fletching
27:08 Bodkin Arrow
27:42 Ballistics
28:23 Bloodlines
28:14 Husbandry
28:22 Padded Archer Armor
28:33 Elite Mangudai
29:19 Bracer
30:22 Chemistry
30:19 Conscription
30:17 Thumb Ring
31:01 Parthian Tactics
29:58 Light Cavalry
30:49 Town Watch
32:33 Leather Archer Armor
32:23 Scale Barding Armor
32:57 Siege Engineers
34:13 Stone Shaft Mining
35:23 Chain Barding Armor
35:14 Forging
35:22 Masonry
35:07 Murder Holes
35:45 Drill
36:39 Hoardings
37:19 Sappers
37:47 Hussar
39:55 Coinage
42:33 Banking
42:04 Caravan
42:46 Iron Casting
42:59 Capped Ram
44:44 Blast Furnace
43:56 Fortified Wall
45:14 Siege Ram
46:33 Herbal Medicine
VLC | SnowBall
4:03 Double-Bit Axe
4:35 Double-Bit Axe
7:05 Horse Collar
10:52 Feudal Age
14:38 Castle Age
13:27 Bow Saw
13:55 Heavy Plow
22:50 Crop Rotation
23:25 Two-Man Saw
24:12 Wheelbarrow
23:24 Loom
23:27 Town Watch
24:13 Gold Mining
25:33 Hand Cart
26:11 Gold Shaft Mining
26:21 Fletching
27:14 Bodkin Arrow
28:42 Scale Barding Armor
28:47 Forging
32:53 Imperial Age
31:07 Iron Casting
30:32 Scale Mail Armor
30:52 Chain Barding Armor
31:58 Burgundian Vineyards
32:29 Stone Mining
33:38 Ballistics
34:13 Plate Barding Armor
32:59 Elite Coustillier
35:39 Blast Furnace
34:39 Bracer
34:39 Padded Archer Armor
35:44 Chemistry
35:28 Conscription
34:40 Elite Skirmisher
39:53 Onager
41:27 Fortified Wall
41:28 Masonry
42:07 Leather Archer Armor
45:05 Caravan
45:36 Coinage
47:32 Banking
50:48 Hoardings
54:27 Squires
53:53 Pikeman
56:20 Stone Shaft Mining
VLC | _Sr Mike_
8:34 Feudal Age
8:20 Loom
9:42 Double-Bit Axe
11:26 Fletching
14:28 Horse Collar
15:41 Wheelbarrow
21:10 Castle Age
19:37 Stone Mining
19:39 Gold Mining
22:09 Scale Mail Armor
22:50 Squires
23:25 Chain Mail Armor
24:06 Forging
24:18 Padded Archer Armor
24:30 Bow Saw
31:15 Heavy Plow
39:42 Imperial Age
38:14 Bodkin Arrow
38:45 Masonry
39:12 Padded Archer Armor
39:40 Ballistics
40:27 Bracer
41:34 Cranequins
44:55 Chemistry
44:42 Onager
48:09 Leather Archer Armor
48:58 Thumb Ring
48:33 Heavy Mounted Crossbowman
50:40 Hand Cart
51:06 Ring Archer Armor
51:53 Bloodlines
51:43 Husbandry
51:05 Elite Varangian Guard
52:17 Capped Ram
53:40 Plate Mail Armor
53:46 Iron Casting
53:38 Elite Skirmisher
VLC | Tithen
10:43 Feudal Age
14:51 Castle Age
12:47 Double-Bit Axe
12:47 Horse Collar
16:03 Bow Saw
20:07 Heavy Plow
23:10 Redemption
24:16 Sanctity
24:06 Town Watch
24:58 Wheelbarrow
24:08 Town Watch
24:10 Loom
24:18 Town Watch
24:20 Loom
29:47 Imperial Age
28:47 Guard Tower
29:01 Stone Mining
29:01 Gold Mining
30:31 Masonry
31:33 Svan Towers
32:25 Scale Barding Armor
32:30 Forging
32:44 Conscription
35:34 Ballistics
35:49 Keep
35:00 Arrowslits
36:15 Chemistry
35:47 Chain Barding Armor
35:49 Elite Monaspa
37:05 Husbandry
37:15 Bloodlines
37:40 Padded Archer Armor
37:30 Fletching
37:25 Elite Skirmisher
38:07 Scale Mail Armor
38:46 Iron Casting
38:49 Bloodlines
39:17 Leather Archer Armor
39:30 Bodkin Arrow
40:29 Bracer
41:43 Chemistry
42:20 Architecture
42:09 Devotion
42:52 Light Cavalry
44:30 Plate Barding Armor
44:56 Blast Furnace
44:08 Caravan
44:38 Siege Engineers
44:47 Aznauri Cavalry
45:46 Coinage
46:18 Hoardings
48:41 Light Cavalry
49:21 Hussar
Connection lost

Rejoining the realm…

Still unreachable

The connection could not be restored.

Session expired

The server has moved on; the page needs a fresh start.